 Dungeon Crawl Stone Soup version 0.30.0-19-g36f170ea60 (webtiles) character file.

Game seed: 257817319614777041

5002 Graphine the Nimble (level 10, -6/85 HPs)
             Began as a Merfolk Monk on May 28, 2023.
             Was a Believer of Ru.
             Mangled by P0WERM0DE's ghost (7 damage)
             ... on level 8 of the Dungeon.
             The game lasted 00:24:34 (8475 turns).

Graphine the Nimble (Merfolk Monk)                  Turns: 8475, Time: 00:24:36

Health: -6/85      AC:  0    Str: 18    XL:     10   Next: 54%
Magic:  0/10       EV: 20    Int:  9    God:    Ru [**....]
Gold:   462        SH:  0    Dex: 19    Spells: 9/9 levels left

rFire   + . .        a - +5 scimitar (freeze)
rCold   x . .        (no shield)
rNeg    . . .        b - +0 robe
rPois   .            (helmet restricted)
rElec   .            t - +0 cloak
rCorr   .            A - +0 pair of gloves
SInv    .            e - +0 pair of boots
Will    .....        F - amulet of guardian spirit Stlth
                     j - +6 ring of strength
HPRegen 0.34/turn    w - ring of fire
MPRegen 0.12/turn

%: guardian spirit
@: confused, lethally poisoned (-6 -> -14), ambrosia-drunk
A: clumsy 1, no stealth, reduced AC 1, (nimble swimmer 2), mertail, horns 2,
sense surroundings 1
a: Renounce Religion, Sacrifice Skill, Sacrifice Purity, Sacrifice Drink, Reject
Sacrifices


You were on level 8 of the Dungeon.
You worshipped Ru.
Ru was pleased with you.
You visited 1 branch of the dungeon, and saw 8 of its levels.

You collected 462 gold pieces.

Inventory:

Hand Weapons
 a - a +5 scimitar of freezing (weapon)
 d - a +1 great sword of protection
 o - the +8 quarterstaff of Zin {flame, rF+ rC+ Str-5 SInv}
   (You found it on level 7 of the Dungeon)

   Str:       It affects your strength (-5).
   rF:        It protects you from fire.
   rC:        It protects you from cold.
   SInv:      It lets you see invisible.
Missiles
 h - 3 boomerangs (quivered)
 l - 2 atropa-tipped darts
 D - a throwing net
Armour
 b - a +0 robe (worn)
 e - a +0 pair of boots (worn)
 t - a +0 cloak (worn)
 A - a +0 pair of gloves (worn)
Jewellery
 j - a +6 ring of strength (left hand)
 w - a ring of fire (right hand)
 y - a ring of fire
 F - an amulet of guardian spirit (around neck)
Wands
 g - a wand of iceblast (1)
 k - a wand of charming (7)
 q - a wand of flame (14)
 v - a wand of polymorph (6)
Scrolls
 r - a scroll of noise
 z - 2 scrolls of immolation
 E - a scroll of teleportation
Potions
 f - a potion of cancellation {unknown}
 i - 4 potions of attraction
 m - 2 potions of flight
 n - 4 potions of degeneration
 p - a potion of might {unknown}
 s - a potion of resistance
 u - a potion of mutation
 x - a potion of magic {unknown}
 B - a potion of haste
 G - a potion of lignification {unknown}


   Skills:
 + Level 10.2 Fighting
 + Level 11.1 Long Blades
 + Level 12.1 Dodging


You had 9 spell levels left.
You didn't know any spells.
Your spell library contained the following spells:

 Spells                   Type           Power      Damage    Failure   Level
 Blink                    Tloc           0%         N/A       52%         2
 Lesser Beckoning         Tloc           0%         N/A       52%         2
 Momentum Strike          Conj/Tloc      0%         3d8       52%         2
 Call Canine Familiar     Summ           0%         N/A       77%         3
 Ignite Poison            Fire/Tmut/Pois 0%         N/A       77%         3
 Portal Projectile        Hex/Tloc       0%         N/A       77%         3
 Leda's Liquefaction      Hex/Erth       0%         N/A       99%         4
 Sticky Flame             Conj/Fire      0%         2d3       99%         4
 Ignition                 Fire           0%         3d3       100%        8


Dungeon Overview and Level Annotations

Branches:
Dungeon (8/15)             Temple (0/1) D:5
   Lair: D:8-11

Altars:
Kikubaaqudgha
Okawaru
Ru
Trog
Zin

Shops:
D:7 [

Annotations:
D:8 P0WERM0DE's ghost, novice OpDe


Innate Abilities, Weirdness & Mutations

You are clumsy. (Dex -2)
You cannot be stealthy.
You take slightly more damage. (AC -5)
((You are very nimble when in or above water. (Stealth+, EV+, Speed+++)))
Your lower body shifts to a powerful aquatic tail in water.
You have a pair of horns on your head.
You passively map a small area around you.


Message History

P0WERM0DE's ghost's toxic aura wanes.
P0WERM0DE's ghost completely misses you.
You feel better. P0WERM0DE's ghost hits you!
Hit: a) +5 scimitar (freeze)
Press: ? - help, Dir - move target, f/p - P0WERM0DE's ghost
Aim: P0WERM0DE's ghost (about 79% to evade your +5 scimitar of freezing)
You slash P0WERM0DE's ghost! You freeze P0WERM0DE's ghost.
Your headbutt misses P0WERM0DE's ghost.
P0WERM0DE's ghost is moderately damaged.
P0WERM0DE's ghost mumbles some strange words.
P0WERM0DE's ghost begins to radiate toxic energy.
You are poisoned.
You close the large door.
You feel sick.
You are more poisoned.
P0WERM0DE's ghost closely misses you.
Aiming: Throw Flame
Press: ? - help, Shift-Dir - straight line, f/p - P0WERM0DE's ghost
Aim: P0WERM0DE's ghost (moderately damaged, radiating toxic energy, 16% to hit)
The puff of flame misses P0WERM0DE's ghost.
You feel sick.
* * * LOW HITPOINT WARNING * * *
You are more poisoned.
P0WERM0DE's ghost hits you!
* * * LOW HITPOINT WARNING * * *
Okay, then.
Okay, then.
You are confused.
You feel invigorated.
You feel sick.
* * * LOW HITPOINT WARNING * * *
You are more poisoned.
P0WERM0DE's ghost hits you!
* * * LOW HITPOINT WARNING * * *
You completely miss P0WERM0DE's ghost. Your headbutt misses P0WERM0DE's ghost.
P0WERM0DE's ghost is moderately damaged.
* * * LOW HITPOINT WARNING * * *
You feel sick.
* * * LOW HITPOINT WARNING * * *
You are more poisoned.
P0WERM0DE's ghost hits you!
You die...

......# #......# #.........
....#.# #...~~.#######.........
....#.#####..~≈~.#.....#.......~.
....#..<..#...~~.#.....#.........
....###......~~~)#.....#.........
....# #.......~~.#.....####......
....# #..........#...).####......
....# #........+##..)..'..#......
....# #........+@W..)..##.##..###
#.### #........###...####.##..###
#.#####........# ##..# #........
.........####### ##'####......#.
#..#####..# #..........###'
####...##.## #..........#..#
........#..# #........#[#..#
...###..##.# #........#.[..'
.....##..#.## ##........#<#..#


You could see P0WERM0DE's ghost (toxic aura).

Vanquished Creatures
  The ghost of Roflanpepe the Firebug, a novice OpFE (D:4)
  Grinder (D:6)
  A shadow (D:8)
  An unseen horror simulacrum (D:8)
  A steam dragon (D:6)
  Edmund (D:6)
  Duvessa (D:6)
  A water moccasin (D:5)
  3 ice beasts (D:8)
  2 sky beasts
  A centaur (D:6)
  3 ogres
  2 kobold brigands
  3 phantoms
  3 bullfrogs
  5 scorpions
  18 wights
  A hornet simulacrum (D:8)
  Dowan (D:6)
  2 electric eels (D:8)
  A howler monkey (D:4)
  A bullfrog zombie (D:4)
  3 hounds
  4 jellies
  A bullfrog skeleton (D:4)
  A centaur skeleton (D:4)
  2 gnoll boudas
  6 iguanas
  Ijyb (D:4)
  Natasha (thrice) (D:4)
  2 sleepcaps (D:5)
  An orc wizard (D:4)
  2 centaur simulacra (D:8)
  A howler monkey zombie (D:4)
  7 gnolls
  An adder (D:2)
  A shadow imp (D:6)
  3 white imps
  A howler monkey simulacrum (D:8)
  An ufetubus (D:5)
  7 worms
  3 dart slugs
  25 orcs
  6 bats
  8 endoplasms
  5 giant cockroaches
  7 goblins
  8 hobgoblins
  9 jackals
  2 quokkas (D:1)
  6 ball pythons
  4 frilled lizards
  15 kobolds
  3 rats
203 creatures vanquished.

Vanquished Creatures (collateral kills)
  An orc (D:4)
1 creature vanquished.

Grand Total: 204 creatures vanquished

Notes
Turn   | Place    | Note
-------+----------+-------------------------------------------
     0 | D:1      | Graphine the Merfolk Monk began the quest for the Orb.
     0 | D:1      | Reached XP level 1. HP: 18/18 MP: 1/1
    80 | D:1      | Reached XP level 2. HP: 21/24 MP: 2/2
   107 | D:1      | Found a faded altar of an unknown god.
   125 | D:1      | Prayed at the altar of an unknown god.
   125 | D:1      | Became a worshipper of Ru the Awakened
   134 | D:1      | Gained mutation: You cannot be stealthy. [Ru sacrifice]
   411 | D:1      | Reached XP level 3. HP: 30/30 MP: 3/3
   855 | D:2      | Reached XP level 4. HP: 36/37 MP: 4/4
   861 | D:2      | Reached skill level 5 in Dodging
  1498 | D:3      | You fall into a shaft and drop 1 floor!
  1509 | D:4      | Found a runed translucent gate.
  1510 | D:4      | Found a runed translucent gate.
  1512 | D:4      | Found a runed translucent gate.
  1513 | D:4      | Noticed Roflanpepe's ghost (novice OpFE)
  1539 | D:4      | Noticed an ogre
  1555 | D:3      | Noticed a phantom
  1569 | D:3      | Killed a phantom
  1570 | D:3      | Reached XP level 5. HP: 28/43 MP: 5/5
  1570 | D:3      | Found a glowing silver altar of Zin.
  1635 | D:3      | Reached skill level 5 in Long Blades
  1748 | D:3      | Gained mutation: You take slightly more damage. (AC -5) [Ru
                  | sacrifice]
  1748 | D:3      | Reached * piety under Ru
  1748 | D:3      | Reached ** piety under Ru
  2020 | D:4      | Killed an ogre
  2021 | D:4      | Reached skill level 6 in Dodging
  2021 | D:4      | Reached XP level 6. HP: 40/50 MP: 6/6
  2033 | D:4      | Reached skill level 5 in Fighting
  2424 | D:4      | Noticed Ijyb
  2437 | D:4      | Killed Ijyb
  2481 | D:4      | Reached XP level 7. HP: 37/56 MP: 7/7
  2618 | D:4      | Noticed Natasha
  2625 | D:4      | Killed Natasha
  2702 | D:4      | Reached skill level 7 in Dodging
  2884 | D:4      | Noticed Natasha
  2892 | D:4      | Killed Natasha
  3048 | D:4      | Noticed Natasha
  3051 | D:4      | Killed Natasha
  3266 | D:4      | Killed Roflanpepe's ghost
  3267 | D:4      | Reached XP level 8. HP: 43/65 MP: 8/8
  3274 | D:4      | Reached skill level 8 in Dodging
  3403 | D:5      | Entered Level 5 of the Dungeon
  3432 | D:5      | Found a staircase to the Ecumenical Temple.
  3825 | D:5      | Reached skill level 9 in Dodging
  3883 | D:5      | Found a bloodstained altar of Trog.
  4356 | D:6      | Noticed Grinder
  4359 | D:6      | Paralysed by Grinder for 5 turns
  4368 | D:6      | Killed Grinder
  4369 | D:6      | Reached XP level 9. HP: 74/74 MP: 9/9
  4402 | D:6      | Gained mutation: You are clumsy. (Dex -2) [Ru sacrifice]
  4554 | D:6      | Noticed Dowan
  4555 | D:6      | Noticed Duvessa
  4559 | D:6      | Killed Dowan
  4562 | D:6      | Killed Duvessa
  4608 | D:6      | Reached skill level 10 in Dodging
  4686 | D:6      | Found an ancient bone altar of Kikubaaqudgha.
  5349 | D:6      | Noticed Edmund
  5369 | D:6      | Killed Edmund
  5763 | D:7      | Identified the +8 quarterstaff of Zin {flame, rF+ rC+ Str-5
                  | SInv}
  5799 | D:7      | Reached skill level 10 in Long Blades
  6044 | D:7      | Reached skill level 11 in Dodging
  6049 | D:7      | Reached XP level 10. HP: 61/82 MP: 10/10
  6391 | D:7      | Gained mutation: You have a pair of small horns on your
                  | head. [potion of mutation]
  6391 | D:7      | Gained mutation: You passively map a small area around you.
                  | [potion of mutation]
  6391 | D:7      | Gained mutation: You have a pair of horns on your head.
                  | [potion of mutation]
  6505 | D:7      | Found Wonitell's Armour Shop.
  7025 | D:8      | Reached skill level 10 in Fighting
  7424 | D:8      | Noticed P0WERM0DE's ghost (novice OpDe)
  7447 | D:8      | Found a runed translucent gate.
  7447 | D:8      | Found a runed translucent gate.
  7447 | D:8      | Found a runed translucent gate.
  7917 | D:8      | Found an iron altar of Okawaru.
  8016 | D:8      | Reached skill level 12 in Dodging
  8474 | D:8      | HP: 2/85 [P0WERM0DE's ghost (12)]
  8475 | D:8      | Mangled by P0WERM0DE's ghost

Illustrated notes

Levels and vault maps discovered:
D:1:      beargit_arrival_greenhouse, layout_basic,
          dreamdust_ecumenical_altar_statues
D:2:      layout_basic, minivault_24
D:3:      layout_basic, mainiacjoe_overflow_small_starburst
D:4:      layout_loops_ring, gammafunk_ghost_necromancy,
          cheibrodos_sewer_entry_drain, uniq_ijyb, uniq_natasha
D:5:      layout_basic, mainiacjoe_overflow_concentric_impassable,
          minmay_temple_entry_mist
D:6:      layout_cave_pods, amcnicky_altar_gilded, grunt_tough_drop,
          uniq_duvessa, uniq_grinder, uniq_edmund
D:7:      layout_basic, serial_shops, nicolae_shop_peninsula
D:8:      layout_basic, mainiacjoe_overflow_24_doors,
          nicolae_overflow_hidden_temple, gammafunk_ghost_icy

Skill      XL: |  1  2  3  4  5  6  7  8  9 10 |
---------------+-------------------------------+-----
Long Blades    | 4 5 6 7 8 10 11 | 11.1
Fighting       | 4 5 6 8 9 10 | 10.2
Dodging        | 5 6 7 9 11 12 | 12.1

Action                     |  1- 3 |  4- 6 |  7- 9 | 10-12 || total
---------------------------+-------+-------+-------+-------++-------
  Melee: Falchion          |    18 |       |       |       ||    18
         Short sword       |    84 |    46 |       |       ||   130
         Great sword       |       |    89 |   311 |    18 ||   418
         Scimitar          |       |       |       |   104 ||   104
         Headbutt          |       |       |       |    21 ||    21
         Punch             |       |       |       |     1 ||     1
  Throw: Boomerang         |       |       |    19 |       ||    19
 Invoke: Sacrifice Stealth |     1 |       |       |       ||     1
         Sacrifice Health  |       |     1 |       |       ||     1
         Sacrifice Purity  |       |       |     1 |       ||     1
  Evoke: Wand              |       |       |       |     1 ||     1
    Use: Scroll            |     3 |     4 |     8 |     3 ||    18
         Potion            |       |     3 |     3 |     8 ||    14
   Stab: Invisible         |       |     1 |     2 |     3 ||     6
         Paralysed         |       |       |     5 |       ||     5
         Distracted        |       |       |     1 |       ||     1
 Armour: Robe              |    15 |    25 |    51 |     2 ||    93
  Dodge: Dodged            |    52 |   103 |   349 |    71 ||   575
